 Dungeon Crawl Stone Soup version 0.30.0-15-g856e2d3f33 (webtiles) character file.

Game seed: 8733418849789792062

283 SnakkuSnakku7 the Trooper (level 6, -1/53 HPs)
             Began as a Ghoul Hexslinger on May 19, 2023.
             Slain by a gnoll bouda
             ... wielding a +0 whip
              (11 damage)
             ... on level 4 of the Dungeon.
             The game lasted 00:04:21 (2707 turns).

SnakkuSnakku7 the Trooper (Ghoul Hexslinger)        Turns: 2707, Time: 00:04:21

Health: -1/53      AC:  4    Str: 19    XL:     6   Next: 28%
Magic:  6/6        EV: 11    Int:  5    God:
Gold:   195        SH:  0    Dex:  9    Spells: 6/7 levels left

rFire   . .          .
                       - Unarmed
rCold   + . .        (no shield)
rNeg    + + +        m - +0 leather armour
rPois   ∞            v - +0 helmet of Classification {rElec Will+++ Str+3 Int-3}
rElec   +            (no cloak)
rCorr   .            (no gloves)
SInv    .            (no boots)
Will    +++..        (no amulet)
Stlth   +            (no ring)
HPRegen 0.00/turn    (no ring)
MPRegen 0.10/turn

%: no passive effects
@: inhibited regen
A: claws 1, cold resistance 1, negative energy resistance 3, inhibited
regeneration, torment resistance 2, devour on kill
a: no special abilities


You were on level 4 of the Dungeon.
You visited 1 branch of the dungeon, and saw 4 of its levels.

You collected 195 gold pieces.

Inventory:

Hand Weapons
 a - a +1 sling
Missiles
 i - 2 poisoned darts (quivered)
Armour
 c - a +0 robe
 h - a +0 helmet
 m - a +0 leather armour (worn)
 v - the +0 helmet of Classification (worn) {rElec Will+++ Str+3 Int-3}
   (You took it off Robin on level 3 of the Dungeon)

   Str:       It affects your strength (+3).
   Int:       It affects your intelligence (-3).
   rElec:     It insulates you from electricity.
   Will:      It greatly increases your willpower.
Wands
 n - a wand of flame (14)
Scrolls
 b - a scroll of poison
 e - 2 scrolls of identify {unknown}
 j - a scroll of teleportation {unknown}
 k - a scroll of amnesia {unknown}
 l - a scroll of enchant weapon {unknown}
 p - a scroll of fear {unknown}
 q - a scroll of blinking {unknown}
 r - 2 scrolls of fog {unknown}
 u - a scroll of vulnerability {unknown}
Potions
 d - 2 potions of curing
 f - a potion of lignification {unknown}
 g - 2 potions of ambrosia {unknown}
 o - a potion of invisibility {unknown}
 s - 2 potions of magic {unknown}
 t - 3 potions of heal wounds {unknown}


   Skills:
 + Level 4.7 Fighting
 - Level 1.7 Ranged Weapons
 - Level 1.7 Dodging
 + Level 4.5 Unarmed Combat
 - Level 1.0 Spellcasting
 - Level 2.4 Hexes


You had 6 spell levels left.
You knew the following spells:

 Your Spells              Type           Power      Damage    Failure   Level
a - Slow                  Hex            8%         N/A       22%         1

Your spell library contained the following spells:

 Spells                   Type           Power      Damage    Failure   Level
 Blink                    Tloc           0%         N/A       65%         2
 Lesser Beckoning         Tloc           0%         N/A       65%         2
 Momentum Strike          Conj/Tloc      0%         3d8       65%         2
 Inner Flame              Hex/Fire       1%         N/A       71%         3
 Portal Projectile        Hex/Tloc       2%         N/A       71%         3
 Cause Fear               Hex            1%         N/A       91%         4


Dungeon Overview and Level Annotations

Branches:
Dungeon (4/15)
 Temple: D:4-7

Altars:
Hepliaklqana
Nemelex Xobeh


Innate Abilities, Weirdness & Mutations

You are immune to poison.
You have sharp fingernails.
Your flesh is cold resistant. (rC+)
You are immune to negative energy. (rN+++)
You do not regenerate when monsters are visible.
You are immune to unholy pain and torment.
You thrive by killing the living.


Message History

The gnoll bouda hits you with a +0 whip.
The gnoll completely misses you.
You barely miss the gnoll bouda.
The gnoll bouda is moderately wounded.
The gnoll bouda barks out a call to the hunt!
The gnolls pick up the pace!
You closely miss the gnoll bouda.
The gnoll bouda is moderately wounded.
The gnoll barely misses you.
You scratch the gnoll bouda.
The gnoll bouda is moderately wounded.
The gnoll bouda closely misses you. The gnoll barely misses you.
You closely miss the gnoll bouda.
The gnoll bouda is moderately wounded.
The gnoll bouda completely misses you. The gnoll hits you but does no damage.
You scratch the gnoll bouda but do no damage.
The gnoll bouda is moderately wounded.
The gnoll bouda hits you with a +0 whip.
The gnoll hits you from afar with a +2 spear of flaming.
The gnoll burns you.
You scratch the gnoll bouda.
The gnoll bouda is heavily wounded.
The gnoll bouda misses you.
The gnoll hits you from afar with a +2 spear of flaming.
The gnoll burns you.
You are too injured to fight recklessly!
You are too injured to fight recklessly!
Unknown command.
Unknown command.
The gnoll bouda attacks as you move away!
The gnoll bouda hits you with a +0 whip.
The gnoll bouda hits you with a +0 whip!
* * * LOW HITPOINT WARNING * * *
The gnoll hits you from afar with a +2 spear of flaming.
* * * LOW HITPOINT WARNING * * *
The gnoll burns you.
* * * LOW HITPOINT WARNING * * *
It was a potion of curing.
You feel better.
The gnoll bouda hits you with a +0 whip!
You die...

#.#.###>## #.#
...##.#.## #.####
###. ##.## #....# ..
#.# ####.# #. #.#
#<# #. #g# #.#
.###.###.# #.#
.......g.#########.#
####.....g@........#
#################


You could see a gnoll bouda and a gnoll (swift).

Vanquished Creatures
  A hound (D:3)
  Jessica (D:2)
  Natasha (thrice) (D:3)
  Robin (D:3)
  2 gnolls (D:4)
  3 adders
  2 worms
  A dart slug (D:1)
  5 orcs
  6 ball pythons
  3 endoplasms
  5 giant cockroaches (D:1)
  18 goblins
  10 hobgoblins
  5 kobolds
  9 bats
  4 frilled lizards
  5 rats
84 creatures vanquished.

Notes
Turn   | Place    | Note
-------+----------+-------------------------------------------
     0 | D:1      | SnakkuSnakku7 the Ghoul Hexslinger began the quest for the
                  | Orb.
     0 | D:1      | Reached XP level 1. HP: 16/16 MP: 1/1
    62 | D:1      | Reached skill level 1 in Unarmed Combat
    62 | D:1      | Reached XP level 2. HP: 10/24 MP: 2/2
   457 | D:1      | Found a faded altar of an unknown god.
   607 | D:1      | Reached XP level 3. HP: 29/29 MP: 3/3
   842 | D:2      | You fall into a shaft and drop 2 floors!
  1156 | D:2      | Found a sparkling altar of Nemelex Xobeh.
  1347 | D:2      | Reached XP level 4. HP: 19/37 MP: 4/4
  1488 | D:2      | Noticed Jessica
  1499 | D:2      | Killed Jessica
  1899 | D:3      | Found a hazy altar of Hepliaklqana.
  1931 | D:3      | Reached XP level 5. HP: 31/46 MP: 5/5
  1958 | D:3      | Noticed Natasha
  1971 | D:3      | Killed Natasha
  2013 | D:3      | Noticed Natasha
  2017 | D:3      | Killed Natasha
  2041 | D:3      | Identified the +0 helmet of Classification {rElec Will+++
                  | Str+3 Int-3}
  2041 | D:3      | Noticed Robin
  2278 | D:3      | Killed Robin
  2279 | D:3      | Reached XP level 6. HP: 47/53 MP: 6/6
  2585 | D:3      | Noticed Natasha
  2603 | D:3      | Killed Natasha
  2707 | D:4      | Slain by a gnoll bouda

Illustrated notes

Levels and vault maps discovered:
D:1:      erik_arrival_cave_to_civilisation [erik_arrival_cave_to_hall],
          layout_rooms, hellmonk_ecumenical_altar_crossroads
D:2:      minmay_angry_zag, layout_basic, basic_altar, guppyfry_early_orc_mine,
          uniq_jessica
D:3:      layout_basic, worldfamousw_hep_ancestral_shrine,
          chequers_serial_rivers_micro_d, uniq_robin, uniq_natasha
D:4:      layout_loops_ring, serial_shops, nicolae_shop_hallway_plus,
          nrook_mini_backslash, uniq_sigmund

Skill      XL: |  1  2  3  4  5 |
---------------+----------------+-----
Unarmed Combat | 1 2 3 4 |  4.5
Fighting       | 2 3 4 |  4.7
Ranged Weapons | |  1.7
Dodging        | |  1.7
Spellcasting   | |  1.0
Hexes          | |  2.4

Action                     |  1- 3 |  4- 6 || total
---------------------------+-------+-------++-------
  Melee: Unarmed           |   142 |   163 ||   305
         Punch             |     6 |     6 ||    12
   Fire: Sling             |    42 |       ||    42
   Cast: Slow              |     1 |       ||     1
  Evoke: Wand              |     3 |     3 ||     6
    Use: Potion            |       |     1 ||     1
   Stab: Sleeping          |     2 |       ||     2
 Armour: Robe              |    19 |       ||    19
         Leather armour    |    31 |    53 ||    84
  Dodge: Dodged            |   100 |   125 ||   225
